 Dungeon Crawl Stone Soup version 0.29.1-12-g30fa7ad0bf (webtiles) character file.

Game seed: 17429108412335285067

119 hawla the Chiller (level 5, -2/38 HPs)
             Began as a Meteoran Ice Elementalist on Jan 8, 2023.
             Slain by a mummy (14 damage)
             ... in an ossuary.
             The game lasted 00:04:12 (642 turns).

hawla the Chiller (Meteoran Ice Elementalist)        Turns: 642, Time: 00:04:13

Health: -2/38      AC:  4    Str:  9    XL:     5   Next: 50%
Magic:  2/10       EV: 12    Int: 19    God:
Gold:   112        SH:  0    Dex: 14    Spells: 2/10 levels left

rFire   . . .      SeeInvis .   i - +0 dagger
rCold   . . .      Faith    .   (no shield)
rNeg    . . .      Spirit   .   a - +0 robe
rPois   .          Reflect  .   (no helmet)
rElec   .          Harm     .   (no cloak)
rCorr   .          Rampage  .   (no gloves)
Will    .....                   d - +1 pair of boots
Stlth   +.........              (no amulet)
HPRegen 0.12/turn               (no ring)
MPRegen 0.12/turn               (no ring)

@: glowing, invisible (but backlit and visible)
A: sense surroundings 1, otherworldly, glowing, explore regen
a: no special abilities


You were in an ossuary.
You visited 1 branch of the dungeon, and saw 4 of its levels.
You also visited: Ossuary.

You collected 112 gold pieces.

Inventory:

Hand Weapons
 i - a +0 dagger (weapon)
Armour
 a - a +0 robe (worn)
 d - a +1 pair of boots (worn)
Scrolls
 c - 3 scrolls of identify {unknown}
 e - a scroll of immolation {unknown}
 h - a scroll of amnesia {unknown}
 j - a scroll of enchant weapon {unknown}
 k - a scroll of teleportation {unknown}
Potions
 b - a potion of magic


   Skills:
 - Level 2.5 Dodging
 - Level 1.5 Stealth
 - Level 3.2 Spellcasting
 + Level 3.6 Conjurations
 - Level 5.3 Ice Magic


You had 2 spell levels left.
You knew the following spells:

 Your Spells              Type           Power      Damage    Failure   Level
a - Freeze                Ice            92%        1d10      1%          1
b - Frozen Ramparts       Ice            46%        1d7       4%          3
c - Hailstorm             Conj/Ice       20%        3d6       24%         4

Your spell library contained the following spells:

 Spells                   Type           Power      Damage    Failure   Level
 Ozocubu's Armour         Ice            23%        N/A       4%          3


Dungeon Overview and Level Annotations

Branches:
Dungeon (4/15) Zot: 1779  Ossuary (1/1) Zot: 579
 Temple: D:4-7

Altars:


Innate Abilities, Weirdness & Mutations

You passively map a small area around you.
You are easily found by Zot.
You glow in the dark.
You regain HP and MP as you explore.


Message History

You are very lightly contaminated with residual magic.
Nothing appears to happen.
Unknown command.
Casting: Hailstorm (quite dangerous; 24% risk of failure)
Confirm with . or Enter, or press ? or * to list all spells.
The spell is quite dangerous to miscast (24% risk of failure)!
Continue anyway?
Casting: Hailstorm (quite dangerous; 24% risk of failure)
Press: ? - help, Dir - look around, f - activate A cannonade of hail descends around you!
The hail pelts the mummy.
The mummy partially resists.
The mummy is lightly damaged.
The hail pelts the mummy!
The mummy partially resists.
The mummy is heavily damaged.
Casting: Hailstorm (quite dangerous; 24% risk of failure)
Confirm with . or Enter, or press ? or * to list all spells.
You don't have enough magic to cast this spell.
You hit the mummy.
The mummy is moderately damaged.
The mummy hits you.
You hit the mummy.
The mummy is heavily damaged.
You barely miss the mummy.
The mummy is heavily damaged.
The mummy hits you but does no damage. The mummy hits you!
* * * LOW HITPOINT WARNING * * *
Casting: Hailstorm (quite dangerous; 24% risk of failure)
Confirm with . or Enter, or press ? or * to list all spells.
Aiming: Freeze (safe; 1% risk of failure)
Press: ? - help, Shift-Dir - straight line, f - mummy
Aim: a mummy (heavily damaged)
You freeze the mummy.
The mummy resists.
The mummy is severely damaged.
Unknown command.
It was a potion of curing.
You feel better. The mummy hits you but does no damage. The mummy hits you.
Your magical contamination has completely faded away.
It was a potion of invisibility.
You become transparent, but the glow from your body prevents you from becoming completely invisible.
The mummy hits you!
You die...

* , + ~ *
* , * *,
** +~ **
,#####~
+.#M.∩#
**#.'M@.#
* +.#...#
* ##### *
, , ,, ,
, * * * *


You could see 2 mummies.

Vanquished Creatures
  A hound (D:4)
  An orc priest (D:3)
  A mummy (D:4)
  2 adders (D:3)
  4 orcs (D:3)
  5 bats
  2 endoplasms
  2 hobgoblins (D:3)
  A quokka (D:4)
  2 ball pythons
  3 goblins
  2 kobolds
26 creatures vanquished.

Vanquished Creatures (others)
  4 withered plants
4 creatures vanquished.

Grand Total: 30 creatures vanquished

Notes
Turn   | Place    | Note
-------+----------+-------------------------------------------
     0 | D:1      | hawla the Meteoran Ice Elementalist began the quest for the
                  | Orb.
     0 | D:1      | Reached XP level 1. HP: 14/14 MP: 5/5
   121 | D:2      | Reached XP level 2. HP: 20/20 MP: 4/6
   241 | D:4      | Noticed a hound
   247 | D:4      | Killed a hound
   248 | D:4      | Reached skill level 5 in Ice Magic
   248 | D:4      | Reached XP level 3. HP: 25/26 MP: 0/8
   248 | D:4      | Reached XP level 4. HP: 32/33 MP: 0/9
   252 | D:4      | Learned a level 3 spell: Frozen Ramparts
   332 | D:3      | Learned a level 4 spell: Hailstorm
   369 | D:3      | Reached skill level 1 in Conjurations
   528 | D:3      | Reached XP level 5. HP: 36/38 MP: 4/10
   542 | D:4      | Found the +3 woodcutter's axe {vorpal}
   597 | D:4      | Found a sand-covered staircase.
   622 | Ossuary  | Entered an ossuary
   642 | Ossuary  | Slain by a mummy

Illustrated notes

Levels and vault maps discovered:
D:1:      dpeg_arrival_solitude, layout_basic
D:2:      layout_loops_corners, serial_undead, serial_undead_b, serial_undead_a,
          serial_undead_a, serial_undead_a, serial_undead_d, serial_undead_f,
          serial_shops, nicolae_shop_behind_doors
D:3:      layout_loops_corners, shapermc_ecumenical_altar_petra, nrook_campfire,
          small_statue_intersection, minmay_ruptured
D:4:      kb_forest_paths, layout_cave_pools, gup_ossuary_entry_pyramid,
          chequers_mini_garden, minmay_misc_feat_tiny,
          minmay_hollow_rounded_squares
Ossuary:  ossuary_zaba_flooded

Skill      XL: |  1  2  3  4  5 |
---------------+----------------+-----
Spellcasting   | 3 |  3.2
Ice Magic      | 5 |  5.3
Conjurations   | 2 3 |  3.6
Dodging        | |  2.5
Stealth        | |  1.5

Action                   |  1- 3 |  4- 6 || total
-------------------------+-------+-------++-------
Melee: Dagger            |       |    32 ||    32
 Cast: Freeze            |    21 |    16 ||    37
       Frozen Ramparts   |       |     6 ||     6
       Hailstorm         |       |     1 ||     1
  Use: Potion            |       |     2 ||     2
Armor: Robe              |    11 |     6 ||    17
Dodge: Dodged            |    14 |    16 ||    30
